 Dungeon Crawl Stone Soup version 0.24-a0-760-g74cc3ae (webtiles) character file.

Game seed: 5367666263868421996, levelgen mode: deterministic

39 pichaelthompson the Charmwright (level 3, -5/31 HPs)
             Began as a Gnoll Skald on Oct 2, 2019.
             Slain by Crazy Yiuf
             ... wielding a +3 quarterstaff of chaos
              (13 damage)
             ... on level 2 of the Dungeon.
             The game lasted 00:01:31 (806 turns).

pichaelthompson the Charmwright (Gnoll Skald)        Turns: 806, Time: 00:01:32

Health: -5/31      AC:  7    Str: 13    XL:     3   Next: 47%
Magic:  9/9        EV:  8    Int: 15    God:
Gold:   97         SH:  9    Dex: 15    Spells: 5/12 levels left

rFire    . . .     SeeInvis .   a - +0 spear
rCold    . . .     Gourm    .   k - +2 shield {reflect}
rNeg     . . .     Faith    .   j - +0 scale mail
rPois    .         Spirit   .   (no helmet)
rElec    .         Reflect  +   (no cloak)
rCorr    .         Harm     .   (no gloves)
MR       .....                  e - +0 pair of boots
Stlth    ..........             (no amulet)
HPRegen  0.10/turn              (no ring)
MPRegen  0.11/turn              (no ring)

@: no status effects
A: distributed training, fangs 1, strong nose
a: no special abilities


You were on level 2 of the Dungeon.
You were not hungry.

You visited 1 branch of the dungeon, and saw 2 of its levels.

You collected 97 gold pieces.

Inventory:

Hand Weapons
 a - a +0 spear (weapon)
Armour
 e - a +0 pair of boots (worn)
 j - a +0 scale mail (worn)
 k - a +2 shield of reflection (worn)
Scrolls
 b - 4 scrolls of identify {unknown}
 g - 3 scrolls of remove curse {unknown}
 h - a scroll of amnesia {unknown}
 i - 2 scrolls of teleportation {unknown}
 l - a scroll of immolation {unknown}
Potions
 c - a potion of mutation {unknown}
 f - 3 potions of curing {unknown}
 m - a potion of ambrosia {unknown}
Comestibles
 d - 2 rations


   Skills:
 + Level 4.5 Fighting
 + Level 0.8 Short Blades
 + Level 0.8 Long Blades
 + Level 0.8 Axes
 + Level 0.8 Maces & Flails
 + Level 4.5 Polearms
 + Level 0.8 Staves
 + Level 0.8 Slings
 + Level 0.8 Bows
 + Level 0.8 Crossbows
 + Level 0.8 Throwing
 + Level 2.6 Armour
 + Level 4.5 Dodging
 + Level 0.8 Stealth
 + Level 0.8 Shields
 + Level 0.8 Unarmed Combat
 + Level 5.0 Spellcasting
 + Level 0.5 Conjurations
 + Level 0.5 Hexes
 + Level 5.4 Charms
 + Level 0.5 Summonings
 + Level 0.5 Necromancy
 + Level 0.5 Translocations
 + Level 0.5 Transmutations
 + Level 0.5 Fire Magic
 + Level 0.5 Ice Magic
 + Level 0.5 Air Magic
 + Level 0.5 Earth Magic
 + Level 0.5 Poison Magic
 + Level 1.0 Invocations
 + Level 0.8 Evocations


You had 5 spell levels left.
You knew the following spells:

 Your Spells              Type           Power        Failure   Level  Hunger
a - Infusion              Chrm           ###.         45%         1    None
b - Spectral Weapon       Hex/Chrm       ##......     99%         3    ###....
c - Regeneration          Chrm/Necr      ##........   99%         3    ###....

Your spell library contained the following spells:

 Spells                   Type           Power        Failure   Level  Hunger
 Song of Slaying          Chrm           ###.....     58%         2    ##.....
 Shroud of Golubria       Chrm/Tloc      ##....       90%         2    ##.....


Dungeon Overview and Level Annotations

Branches:
Dungeon (2/15)

Altars:

Annotations:
D:2 Crazy Yiuf


Innate Abilities, Weirdness & Mutations

Your experience applies equally to all skills.
You have very sharp teeth.
Your uncanny sense of smell can sniff out nearby items.


Message History

Your shield and scale mail prevent you from hitting Crazy Yiuf.
Crazy Yiuf is moderately wounded.
Crazy Yiuf hits you with a +3 quarterstaff of chaos.
Crazy Yiuf burns you.
You hit Crazy Yiuf but do no damage.
Crazy Yiuf is moderately wounded.
Crazy Yiuf barely misses you.
You closely miss Crazy Yiuf.
Crazy Yiuf is moderately wounded.
Crazy Yiuf hits you with a +3 quarterstaff of chaos!
* * * LOW HITPOINT WARNING * * *
You closely miss Crazy Yiuf.
Crazy Yiuf is moderately wounded.
You closely miss Crazy Yiuf.
Crazy Yiuf is moderately wounded.
You block Crazy Yiuf's attack.
You hit Crazy Yiuf.
Crazy Yiuf is heavily wounded.
Crazy Yiuf hits you with a +3 quarterstaff of chaos!
You die...

#.###### #.# #.#
#......# #.# #.#
#......# #.####.#
#...#### #.#.....
#...# #.#.###. #...#
#.#.###. #.#...##♣♣
### #.#...#.
#........♣♣ ♣♣#..)#
#.......
#.#.....PP♣♣♣♣@g...#
#######.##
#.#........♣..♣#...#
#..# #.## .
#.....P.♣.♣♣♣ ###
#..# #.## .
#...##♣♣♣♣♣ #..#
#.## #...# #..# #.##
#...# ######..# #.##
#.## ........####.##
#. ...............
.........###..#


You could see Crazy Yiuf.

Vanquished Creatures
  An adder (D:2)
  A dart slug (D:1)
  3 bats (D:1)
  2 giant cockroaches
  8 goblins
  4 hobgoblins
  4 kobolds
  A quokka (D:2)
  A frilled lizard (D:2)
  A rat (D:1)
26 creatures vanquished.

Notes
Turn   | Place    | Note
-------+----------+-------------------------------------------
     0 | D:1      | pichaelthompson the Gnoll Skald began the quest for the
                  | Orb.
     0 | D:1      | Reached XP level 1. HP: 20/20 MP: 6/6
    96 | D:1      | Reached XP level 2. HP: 26/26 MP: 7/7
   451 | D:2      | Reached skill level 5 in Spellcasting
   451 | D:2      | Reached XP level 3. HP: 25/31 MP: 7/9
   474 | D:2      | Learned a level 3 spell: Spectral Weapon
   478 | D:2      | Learned a level 3 spell: Regeneration
   783 | D:2      | Reached skill level 1 in Invocations
   792 | D:2      | Found a runed translucent door.
   793 | D:2      | Noticed Crazy Yiuf
   806 | D:2      | Slain by Crazy Yiuf

Levels and vault maps discovered:
D:1:      minmay_arrival_checkered_box, layout_rooms, st_stairs_7
D:2:      layout_basic, vehumet_crystals, st_stairs_4, uniq_crazy_yiuf_cottage

Skill      XL: |  1  2  3 |
---------------+----------+-----
Spellcasting   | 5 |  5.0
Invocations    | 1 |  1.0
Fighting       | |  4.5
Short Blades   | |  0.8
Long Blades    | |  0.8
Axes           | |  0.8
Maces & Flails | |  0.8
Polearms       | |  4.5
Staves         | |  0.8
Slings         | |  0.8
Bows           | |  0.8
Crossbows      | |  0.8
Throwing       | |  0.8
Armour         | |  2.6
Dodging        | |  4.5
Stealth        | |  0.8
Shields        | |  0.8
Unarmed Combat | |  0.8
Conjurations   | |  0.5
Hexes          | |  0.5
Charms         | |  5.4
Summonings     | |  0.5
Necromancy     | |  0.5
Translocations | |  0.5
Transmutations | |  0.5
Fire Magic     | |  0.5
Ice Magic      | |  0.5
Air Magic      | |  0.5
Earth Magic    | |  0.5
Poison Magic   | |  0.5
Evocations     | |  0.8

Action                   || total
-------------------------++-------
Melee: Spear             ||    97
       Bite              ||     4
Armor: Leather armour    ||     5
       Scale mail        ||    15
Dodge: Dodged            ||    26
Block: Shield            ||    21

Table legend:
 A = Non-vault XP
 B = Vault XP
 C = Vault XP percentage of total XP
 D = Non-vault monster count
 E = Vault monster count
 F = Vault count percentage of total count
                 A         B        C        D         E       F
            +---------+---------+-------+---------+---------+-------
      Total |      54 |       3 |   5.3 |      24 |       2 |   7.7
            +---------+---------+-------+---------+---------+-------
        D:1 |      26 |       3 |  10.3 |      14 |       2 |  12.5
        D:2 |      28 |       0 |   0.0 |      10 |       0 |   0.0
            +---------+---------+-------+---------+---------+-------
